 Dungeon Crawl Stone Soup version 0.32-a0-909-gc671339a80 (webtiles) character file.

Game seed: 11837138239295766005

201 Heh the Apothecary (level 5, -2/57 HPs)
             Began as a Coglin Alchemist on Apr 7, 2024.
             Frozen to death by an endoplasm (4 damage)
             ... on level 4 of the Dungeon.
             The game lasted 00:05:45 (2697 turns).

Heh the Apothecary (Coglin Alchemist)               Turns: 2697, Time: 00:05:45

Health: -2/57      AC: 22    Str:  9    XL:     5   Next: 79%
Magic:  5/8        EV:  2    Int: 16    God:
Gold:   165        SH:  0    Dex: 14    Spells: 5/9 levels left

rFire   . . .        h - +0 whip (elec) {Noor}
rCold   . . .        s - +0 scimitar {Chaewon}
rNeg    . . .        a - melded +0 robe
rPois   +            n - melded +2 hat
rElec   .            (cloak currently unavailable)
rCorr   .            (gloves currently unavailable)
SInv    .            (boots currently unavailable)
Will    .....        (amulet unavailable)
Stlth   +            (ring unavailable)
HPRegen 0.29/turn    (ring unavailable)
MPRegen 0.11/turn    (no gizmo)

%: no passive effects
@: confused, tree-form, invisible, revving
A: stationary, stasis, torment immunity, boosted hp, off-hand wielding, slow
wielding, warmup strikes, no jewellery
a: Invent Gizmo


You were on level 4 of the Dungeon.
You were a tree.
You visited 1 branch of the dungeon, and saw 4 of its levels.

You collected 165 gold pieces.

Inventory:

Hand Weapons
 d - a +0 dagger {Chaewon}
 e - a +0 club {Ekveer}
 f - a +0 dagger {Yae}
 h - a +0 whip of electrocution (weapon) {Noor}
 s - a +0 scimitar (offhand) {Chaewon}
Armour
 a - a +0 robe (melded)
 c - a +0 ring mail
 n - a +2 hat (melded)
Wands
 v - a wand of paralysis (10)
Scrolls
 g - a scroll of blinking {unknown}
 i - 3 scrolls of enchant weapon {unknown}
 k - a scroll of amnesia {unknown}
 m - 3 scrolls of revelation {unknown}
 o - a scroll of identify {unknown}
 p - 2 scrolls of brand weapon {unknown}
 t - 2 scrolls of teleportation {unknown}
 u - a scroll of enchant armour {unknown}
 x - a scroll of silence {unknown}
Potions
 b - a potion of magic
 q - a potion of resistance {unknown}
 r - 2 potions of curing {unknown}
 w - a potion of degeneration {unknown}


   Skills:
 + Level 1.9 Fighting
 - Level 1.7 Dodging
 - Level 1.5 Stealth
 + Level 2.5 Spellcasting
 + Level 1.4 Conjurations
 + Level 0.9 Air Magic
 * Level 5.5 Alchemy


You had 5 spell levels left.
You knew the following spells:

 Your Spells              Type           Power      Damage    Failure   Level
a - Sting                 Conj/Alch      52%        1d6       4%          1
b - Mephitic Cloud        Conj/Alch/Air  10%        N/A       21%         3

Your spell library contained the following spells:

 Spells                   Type           Power      Damage    Failure   Level
 Mercury Vapours          Alch/Air       24%        N/A       8%          2
 Olgreb's Toxic Radiance  Alch           19%        N/A       21%         4
 Sticky Flame             Fire/Alch      10%        2d5       54%         4
 Freezing Cloud           Conj/Ice/Air   2%         6-21      98%         5


Dungeon Overview and Level Annotations

Branches:
Dungeon (4/15)
 Temple: D:4-7

Altars:

Annotations:
D:4 3 runed translucent doors


Innate Abilities, Weirdness & Mutations

You are a tree.
Your roots penetrate the ground, keeping you stationary.
You cannot be teleported.
You are immune to unholy pain and torment.
Your maximum health is greatly increased.
Your equipment is partially melded.
You can wield a second weapon in your off-hand.
It takes a long time for you to wield or remove held weapons.
Your first few attacks do less damage.
You cannot equip rings or amulets.


Message History

The ball explodes into a vile cloud!
The stinking cloud engulfs something.
The stinking cloud engulfs the orc.
The stinking cloud engulfs the endoplasm.
The stinking cloud engulfs you.
The stinking cloud engulfs the orc.
You choke on the stench!
You are confused.
The orc is engulfed in noxious fumes.
The orc appears confused.
You choke on the stench!
You are more confused.
Something says, "Why is everything spinning?"
The orc closely misses you.
The orc is engulfed in noxious fumes.
The orc hits you but does no damage.
The orc hits itself with a +0 dagger.
You bump into the rock wall.
You choke on the stench!
You are more confused.
The orc hits you with a +0 flail.
* * * LOW HITPOINT WARNING * * *
Something hits you.
* * * LOW HITPOINT WARNING * * *
Unknown command.
It was a potion of lignification.
You turn into a tree.
Your +2 hat melds into your body.
Your +0 robe melds into your body.
Your roots penetrate the ground.
The orc hits you but does no damage.
You hear some strange, mumbled words.
A puff of flame appears from out of thin air!
The puff of flame hits you.
* * * LOW HITPOINT WARNING * * *
The endoplasm hits you but does no damage.
The orc is engulfed in noxious fumes.
The orc appears confused.
The orc hits something with a +0 dagger.
You swing at nothing.
The orc hits you but does no damage. Something hits you but does no damage.
The endoplasm freezes you.
* * * LOW HITPOINT WARNING * * *
The orc is engulfed in noxious fumes.
The orc appears confused.
The orc completely misses something.
The orc hits itself with a +0 dagger.
The orc hits you with a +0 flail.
* * * LOW HITPOINT WARNING * * *
Something hits you but does no damage. The endoplasm freezes you.
You die...

##.# ##. ♣♣.♣♣# ...
#♣♣....♣## ##.#
#♣..♣.♣...## #..##
♣..♣♣♣♣♣.♣.####...## ♣.♣♣
♣♣..†.#.....### #♣..♣
♣.............### ...♣♣
♣......§oJ......# .♣♣.♣
♣.♣♣...§♣{....... <..♣.♣
♣.♣♣....#§o.......
...♣♣...♣......####......
....♣.♣♣...#...# ##.>..
.......<..###... ...
[......... #...# ..
........ ... . ###+++##
(....(.


You could see 2 orcs and an endoplasm.

Vanquished Creatures
  A scorpion zombie (D:4)
  2 hound zombies (D:4)
  4 adders
  3 gnolls (D:3)
  An adder zombie (D:4)
  3 dart slugs
  A ribbon worm (D:3)
  4 orcs (D:3)
  8 bats
  6 endoplasms
  4 giant cockroaches
  5 goblins
  7 hobgoblins
  2 jackals (D:3)
  2 quokkas
  4 ball pythons
  3 frilled lizards (D:3)
  4 kobolds
  6 rats
70 creatures vanquished.

Notes
Turn   | Place    | Note
-------+----------+-------------------------------------------
     0 | D:1      | Heh the Coglin Alchemist began the quest for the Orb.
     0 | D:1      | Reached XP level 1. HP: 13/13 MP: 3/3
   174 | D:1      | Reached XP level 2. HP: 16/19 MP: 0/4
   269 | D:1      | Reached skill level 4 in Alchemy
   611 | D:1      | Reached XP level 3. HP: 23/25 MP: 5/5
  1247 | D:2      | Reached skill level 1 in Fighting
  1354 | D:2      | Learned a level 3 spell: Mephitic Cloud
  1573 | D:2      | Reached XP level 4. HP: 27/32 MP: 7/7
  2072 | D:3      | Reached skill level 5 in Alchemy
  2176 | D:3      | Reached skill level 1 in Conjurations
  2196 | D:3      | Reached XP level 5. HP: 37/37 MP: 1/8
  2562 | D:4      | Found a runed translucent gate.
  2562 | D:4      | Found a runed translucent gate.
  2562 | D:4      | Found a runed translucent gate.
  2697 | D:4      | HP: 2/57 [orc/+0 flail (6)]
  2697 | D:4      | Frozen to death by an endoplasm

Illustrated notes

Levels and vault maps discovered:
D:1:      dpeg_arrival_radiant, layout_loops_ring
D:2:      layout_loops_cross, kennysheep_potato
D:3:      layout_loops_ring
D:4:      layout_layer_cave, nicolae_yredelemnul_corpse_copse,
          ebering_ghost_rock_garden, kennysheep_minor_cross, uniq_sigmund

Skill      XL: |  1  2  3  4 |
---------------+-------------+-----
Alchemy        | 4 5 |  5.5
Spellcasting   | 2 |  2.5
Fighting       | 1 |  1.9
Conjurations   | 1 |  1.4
Dodging        | |  1.7
Stealth        | |  1.5
Air Magic      | |  0.9

Action                     |  1- 3 |  4- 6 || total
---------------------------+-------+-------++-------
  Melee: Unarmed           |     3 |       ||     3
         Dagger            |    84 |     3 ||    87
         Whip              |    55 |    65 ||   120
         Club              |     3 |       ||     3
         Scimitar          |       |    62 ||    62
   Cast: Sting             |    25 |       ||    25
         Mephitic Cloud    |       |     3 ||     3
    Use: Potion            |       |     2 ||     2
   Stab: Sleeping          |     1 |     1 ||     2
         Confused          |       |     2 ||     2
 Armour: Robe              |    51 |    70 ||   121
         Skin              |       |     7 ||     7
  Dodge: Dodged            |    42 |    44 ||    86

Table legend: (Time is in decaauts)
 A = Elapsed time spent in this place.
 B = Non-inter-level travel time spent in this place.
 C = Inter-level travel time spent in this place.
 D = Time resting spent in this place.
 E = Time spent auto-exploring this place.
 F = Levels seen in this place.
 G = Mean time per level.
                   A        B        C        D        E       F      G
               +--------+--------+--------+--------+--------+-----+--------+
         Total |   2717 |   2617 |    100 |     79 |   2029 |   4 |  679.2 |
       Dungeon |   2717 |   2617 |    100 |     79 |   2029 |   4 |  679.2 |
               +--------+--------+--------+--------+--------+-----+--------+

Top non-repeatable levels by time:
     D:1: 1033 daAuts
     D:3: 815 daAuts
     D:2: 727 daAuts
     D:4: 140 daAuts
